 Dungeon Crawl Stone Soup version 0.28-a0-100-g47d82705ae (webtiles) character file.

Game seed: 17798624259776063261

219068 Nattfarinn the Eclecticist (level 19, -12/140 HPs)
             Began as a Djinni Venom Mage on Aug 10, 2021.
             Was the Champion of Makhleb.
             Killed from afar by an eleionoma (41 damage)
             ... with a spray of wooden splinters
             ... on level 4 of the Swamp.
             The game lasted 02:12:05 (34365 turns).

Nattfarinn the Eclecticist (Djinni Venom Mage)     Turns: 34365, Time: 02:12:06

Health: -12/140    AC: 14    Str:  7    XL:     19   Next: 88%
Gold:   4966       EV: 19    Int: 30    God:    Makhleb [******] SH:  0 Dex: 15

rFire   + + .      SeeInvis .     - Unarmed
rCold   x . .      Faith    .   (no shield)
rNeg    . . .      Spirit   .   d - +3 troll leather armour
rPois   ∞          Reflect  .   U - +0 helmet of Duck's Teeth {Regen+ rCorr}
rElec   .          Harm     .   (no cloak)
rCorr   +          Rampage  .   h - +2 pair of gloves
Will    +....      Clarity  +   (boots unavailable)
Stlth   +++.......              M - amulet of the acrobat
HPRegen 2.33/turn               s - +4 ring of evasion
MPRegen 0.00/turn               g - +6 ring of intelligence

@: about to teleport, flying
A: sickness immunity, fire resistance 2, cold vulnerability 1, float, innate
caster, hp casting, extra vitality 1, camouflage 1, clarity
}: 1/15 runes: decaying
a: Renounce Religion, Minor Destruction, Lesser Servant of Makhleb, Major
Destruction, Greater Servant of Makhleb


You were on level 4 of the Swamp.
You worshipped Makhleb.
Makhleb was exalted by your worship.
You visited 6 branches of the dungeon, and saw 31 of its levels.

You collected 5281 gold pieces.
You spent 315 gold pieces at shops.

Inventory:

Hand Weapons
 j - a +2 vampiric short sword
 Q - the +8 great sword "Diwido" {freeze, +Rage SInv}
   (You found it on level 14 of the Dungeon)

   It freezes those it strikes, dealing additional cold damage.
   It can also slow down cold-blooded creatures.
   SInv:      It lets you see invisible.
   +Rage:     It lets you go berserk.
 T - a +5 rapier of draining
Missiles
 x - 2 throwing nets
Armour
 d - a +3 troll leather armour (worn)
 e - a +2 helmet
 h - a +2 pair of gloves (worn)
 S - a +1 tower shield of reflection
 U - the +0 helmet of Duck's Teeth (worn) {Regen+ rCorr}
   (You bought it in a shop on level 2 of the Orcish Mines)

   Regen:     It increases your rate of health regeneration.
   rCorr:     It protects you from acid and corrosion.
Magical Staves
 k - a staff of poison
Jewellery
 f - a +6 ring of strength
 g - a +6 ring of intelligence (right hand)
 i - a +4 ring of protection
 s - a +4 ring of evasion (left hand)
 t - a ring of ice
 u - a ring of resist corrosion
 w - a ring of willpower
 M - an amulet of the acrobat (around neck)
 W - a +6 ring of strength
 X - an amulet of reflection
 Y - a ring of see invisible
Wands
 l - a wand of paralysis (17)
 m - a wand of mindburst (14)
 r - a wand of acid (26)
 D - a wand of flame (52)
 E - a wand of iceblast (15)
 F - a wand of charming (8)
 V - a wand of digging (7)
 Z - a wand of polymorph (6)
Scrolls
 b - a scroll of enchant armour
 c - a scroll of summoning
 n - 3 scrolls of magic mapping
 q - 3 scrolls of torment
 y - 2 scrolls of immolation
 C - 5 scrolls of teleportation
 G - 3 scrolls of vulnerability
 I - 4 scrolls of holy word
 K - 4 scrolls of fog
 O - a scroll of fear
 P - 2 scrolls of enchant weapon
Potions
 a - 3 potions of haste
 o - 3 potions of ambrosia
 p - 2 potions of attraction
 v - 4 potions of mutation
 z - 2 potions of berserk rage
 A - a potion of lignification
 B - 6 potions of brilliance
 H - 3 potions of might
 J - 8 potions of curing
 L - 4 potions of cancellation
 N - a potion of invisibility
Miscellaneous
 R - a condenser vane


   Skills:
 - Level 14.3 Fighting
 - Level 12.0 Armour
 - Level 9.0 Dodging
 - Level 1.5 Stealth
 * Level 9.2 Shields
 - Level 12.8 Unarmed Combat
 - Level 15.7 Spellcasting
 - Level 15.4 Evocations


You had one spell level left.
You knew the following spells:

 Your Spells              Type           Power      Damage    Failure   Level
a - Sting                 Tmut/Pois      100%       1d8       0%          1
b - Poisonous Vapours     Pois/Air       100%       N/A       0%          2
c - Mephitic Cloud        Conj/Pois/Air  87%        N/A       0%          3
d - Olgreb's Toxic Radia  Pois           87%        N/A       1%          4
e - Pain                  Necr           100%       1d9       0%          1
f - Wereblood             Tmut           87%        N/A       0%          2
g - Lesser Beckoning      Tloc           43%        N/A       0%          3
h - Dispel Undead         Necr           87%        3d28      1%          4
i - Hailstorm             Conj/Ice       87%        3d17      1%          4
j - Agony                 Necr           87%        N/A       1%          5
k - Statue Form           Tmut/Erth      58%        N/A       1%          6
l - Monstrous Menagerie   Summ           43%        N/A       3%          7
m - Invisibility          Hex            43%        N/A       1%          6
Your spell library was empty.

Dungeon Overview and Level Annotations

Branches:
Dungeon (15/15)            Temple (1/1) D:7            Lair (6/6) D:10
  Swamp (4/4) Lair:3        Snake (3/4) Lair:4        Slime (0/5) Lair:6
    Orc (2/2) D:9             Elf (0/3) Orc:2        Vaults (0/5) D:14
 Depths (0/5) D:15

Altars:
Ashenzari
Cheibriados
Dithmenos
Elyvilon
Fedhas
Gozag
Hepliaklqana
Kikubaaqudgha
Makhleb
Nemelex Xobeh
Okawaru
Qazlal
Ru
Sif Muna
Trog
Uskayaw
Vehumet
Wu Jian
Xom
Yredelemnul
Zin
The Shining One
Beogh
Lugonu

Shops:
D:10 :=   Orc:2 (:*[   Snake:2 (:   Snake:3 [

Portals:
Abyss: Lair:6

Annotations:
D:5 1 runed translucent door, zordking's ghost, novice SpWn
Lair:4 3 runed translucent doors, lupus83's ghost, journeyman TrFi
Lair:5 3 runed translucent doors, exclusion: 2 oklob plants, Mateji's ghost, journeyman TrHu
Swamp:2 Roxanne


Innate Abilities, Weirdness & Mutations

You are immune to sickness and miasma.
You are immune to poison.
Your flesh is very heat resistant. (rF++)
You are vulnerable to cold. (rC-)
You float through the air rather than walking.
You learn spells naturally, not from books.
Your magical power is your life essence.
You have superior vitality. (+4 HP)
Your skin changes colour to match your surroundings (Stealth+).
You possess an exceptional clarity of mind.


Message History

You revert to your normal fleshy form.
Your +2 pair of gloves unmelds from your body.
Your +3 troll leather armour unmelds from your body.
The eleionoma hits you.
Casting: Hailstorm (safe; 1% risk of failure)
Confirm with . or Enter, or press ? or * to list all spells.
Okay, then.
Casting: Hailstorm (safe; 1% risk of failure)
Confirm with . or Enter, or press ? or * to list all spells.
Casting: Hailstorm (safe; 1% risk of failure)
Press: ? - help, Dir - look around, f - activate A cannonade of hail descends around you!
The hail pelts the spriggan druid!!!
The spriggan druid is almost dead.
The spriggan druid calls out to the beasts of the wild!
The eleionoma hits you!
Casting: Hailstorm (safe; 1% risk of failure)
Confirm with . or Enter, or press ? or * to list all spells.
Casting: Hailstorm (safe; 1% risk of failure)
Press: ? - help, Dir - look around, f - activate A cannonade of hail descends around you!
The hail pelts the spriggan druid!!
With its final breath, the spriggan druid offers up its power to the beasts of the wild!
You kill the spriggan druid!
Makhleb accepts your kill.
You feel better.
The eleionoma hits you but does no damage.
A swamp dragon comes into view.
Unknown command.
An alligator comes into view.
An alligator comes into view.
The eleionoma hurls a spray of splinters at you.
The spray of wooden splinters hits you!!
* * * LOW HITPOINT WARNING * * *
As you read the scroll of teleportation, it crumbles to dust.
You feel strangely unstable.
The swamp dragon roars deafeningly!
The eleionoma hurls a spray of splinters at you.
The spray of wooden splinters hits you!!!
You die...

♣.≈≈≈≈≈.≈≈≈.≈.≈.≈♣ .≈.♣.≈.
♣.≈≈≈≈≈≈≈.♣.≈.§†♣♣♣♣♣♣.≈≈..≈.
♣♣..≈≈♣♣≈≈.≈.≈≈..♣≈♣..≈.§...♣.≈
♣≈≈≈♣♣♣♣♣........)≈≈....≈(..≈..
≈..≈≈.≈≈≈♣♣.≈≈≈≈..≈)≈....≈......≈
..≈≈≈..≈...≈.....♣..†..........≈.
.≈...<....≈≈#♣#...R#♣...≈≈.≈≈.≈.§
....≈≈...≈#######.♣###≈..♣..≈≈..≈
.≈≈≈≈≈§≈.♣####.≈@.t.###.i♣....≈..
.≈≈≈≈≈.♣###....§≈....##♣.≈...[..≈
≈§≈≈≈≈≈♣#.t....≈≈≈....##♣≈§≈≈.≈..
≈≈≈.≈.≈......≈≈≈≈≈≈....#♣≈.≈...≈.
≈≈≈≈..≈.##..≈≈≈≈≈≈.≈..##♣≈......≈
.≈≈.≈≈.≈♣##≈..≈≈≈≈.≈≈## ≈≈..≈.≈.≈
...††...≈♣###..≈≈..### ≈....≈.≈.
≈.≈[†.≈♣.≈♣♣######## ≈.≈..$.≈≈
♣♣♣[†≈≈≈.≈≈♣ ♣...≈..≈.≈


You could see an eleionoma and 2 alligators.

Vanquished Creatures
  Nikola (Swamp:3)
  A tentacled monstrosity (Swamp:4)
  Rupert (D:13)
  Kirke (D:13)
  A thorn hunter (Swamp:4)
  A fenstrider witch (Swamp:3)
  2 nagarajas
  A fire giant (D:15)
  4 orc warlords
  A ghoul (Swamp:3)
  A bunyip (Swamp:4)
  5 eleionomae
  A shambling mangrove (Swamp:3)
  Josephine (Lair:5)
  28 hydras
  4 boulder beetles
  3 salamander tyrants
  Erolcha (D:9)
  15 naga warriors
  An ogre mage (D:14)
  3 centaur warriors
  5 two-headed ogres
  13 anacondas
  3 alligators
  A tengu warrior (D:14)
  13 death yaks
  5 shock serpents
  Urug (D:10)
  An orc high priest (Orc:2)
  4 thrashing horrors (Lair:6)
  Sonja (Lair:5)
  Nergalle (D:12)
  4 naga sharpshooters
  3 goliath frogs
  4 salamander mystics
  A goliath frog (shapeshifter) (D:15)
  8 bog bodies
  9 naga ritualists
  15 swamp dragons
  4 spriggan druids
  An orb spider (shapeshifter) (D:15)
  5 orc knights
  3 manticores
  2 orc sorcerers (Orc:2)
  5 mana vipers
  3 will-o-the-wisps
  18 ugly things
  8 cyclopes
  25 salamanders
  42 black mambas
  15 naga magi
  A torpor snail (Lair:5)
  2 smoke demons (Lair:6)
  7 guardian serpents
  An eye of devastation (shapeshifter) (Lair:6)
  A cane toad (shapeshifter) (D:14)
  A gargoyle (D:13)
  Psyche (D:10)
  13 cane toads
  Maggie (D:9)
  7 rime drakes
  20 komodo dragons
  An ancient zyme (Lair:6)
  An efreet (D:14)
  A troll (shapeshifter) (D:15)
  A jumping spider (shapeshifter) (D:15)
  A tyrant leech (Swamp:4)
  4 polar bears
  7 trolls
  A raiju (shapeshifter) (Lair:6)
  37 blink frogs
  10 hornets
  8 slime creatures (D:13)
  A spriggan (shapeshifter) (Lair:6)
  6 wraiths
  12 spriggans
  29 yaks
  2 hogs (D:13)
  8 basilisks
  11 wyverns
  A steam dragon (D:8)
  A chaos spawn (Lair:6)
  11 vampire mosquitoes
  A large abomination (Lair:6)
  19 swamp worms
  A warg (Orc:1)
  39 nagas
  2 acid dragons (D:9)
  29 water moccasins
  Duvessa (D:7)
  A sky beast (D:5)
  45 orc warriors
  6 swamp drakes
  2 ice beasts
  5 black bears
  3 necrophages
  5 ogres
  6 wolves (Lair:2)
  4 centaurs
  A phantom (D:6)
  2 kobold brigands
  A gnoll sergeant (D:9)
  11 small abominations (Lair:6)
  8 bullfrogs
  2 scorpions
  Dowan (D:7)
  A wyvern zombie (D:6)
  7 killer bees (D:9)
  8 wights
  2 electric eels (Lair:5)
  2 howler monkeys
  2 crimson imps (D:6)
  3 centaur zombies
  A bullfrog skeleton (D:6)
  3 hounds
  2 jellies
  21 orc priests
  4 iguanas
  27 orc wizards
  11 hell rats
  A killer bee zombie (D:7)
  Robin (D:2)
  2 howler monkey zombies
  9 gnolls
  11 adders
  A white imp (D:8)
  2 dart slugs
  63 orcs
  9 ball pythons
  5 endoplasms
  3 giant cockroaches
  14 goblins
  13 hobgoblins
  2 jackals (D:2)
  5 quokkas
  10 bats
  3 frilled lizards
  11 kobolds
  12 rats
  8 briar patches (Swamp:4)
983 creatures vanquished.

Vanquished Creatures (collateral kills)
  A fenstrider witch (Swamp:2)
  A bunyip (Swamp:1)
  2 will-o-the-wisps
  A tyrant leech (Swamp:2)
  A swamp worm (Swamp:1)
6 creatures vanquished.

Vanquished Creatures (others)
  A wizard (D:15)
  A tyrant leech (Swamp:3)
  4 bloated husks
  A hornet (Swamp:1)
  2 swamp worms
  An orc wizard (Orc:2)
  A fire vortex (Lair:5)
  32 foxfires
  36 fungi
  67 plants
146 creatures vanquished.

Grand Total: 1135 creatures vanquished

Notes
Turn   | Place    | Note
-------+----------+-------------------------------------------
     0 | D:1      | Nattfarinn the Djinni Venom Mage began the quest for the
                  | Orb.
     0 | D:1      | Reached XP level 1. HP: 15/15 MP: 0/0
   289 | D:1      | Reached XP level 2. HP: 20/21 MP: 0/0
  1029 | D:1      | Reached XP level 3. HP: 25/25 MP: 0/0
  1029 | D:1      | Learned a level 1 spell: Pain
  1043 | D:1      | Found a faded altar of an unknown god.
  1622 | D:2      | Noticed Robin
  1998 | D:2      | Killed Robin
  2246 | D:2      | Reached XP level 4. HP: 20/31 MP: 0/0
  2811 | D:2      | Reached XP level 5. HP: 27/35 MP: 0/0
  2811 | D:2      | Learned a level 2 spell: Wereblood
  3992 | D:4      | Reached XP level 6. HP: 24/40 MP: 0/0
  4141 | D:4      | Reached skill level 5 in Spellcasting
  4456 | D:4      | Found a broken altar of Ashenzari.
  4853 | D:4      | Found a hide-covered altar of Uskayaw.
  5535 | D:5      | Entered Level 5 of the Dungeon
  5615 | D:5      | Reached XP level 7. HP: 41/45 MP: 0/0
  5615 | D:5      | Learned a level 3 spell: Lesser Beckoning
  5844 | D:5      | Found an opulent altar of Gozag.
  5989 | D:5      | Found a shadowy altar of Dithmenos.
  6022 | D:5      | Found a white marble altar of Elyvilon.
  6057 | D:5      | Found a runed translucent door.
  6057 | D:5      | Noticed zordking's ghost (novice SpWn)
  6126 | D:5      | Reached skill level 1 in Fighting
  6126 | D:5      | Reached skill level 1 in Armour
  6487 | D:5      | Noticed a water moccasin
  6505 | D:5      | HP: 2/49 [water moccasin (5)]
  6506 | D:5      | Killed a water moccasin
  6507 | D:5      | Reached XP level 8. HP: 2/56 MP: 0/0
  7846 | D:6      | Found the +5 robe of Misfortune {Contam Harm *Corrode Drain
                  | *Slow EV+5}
  8210 | D:7      | Found a staircase to the Ecumenical Temple.
  8526 | D:7      | Reached skill level 5 in Fighting
  8631 | Temple   | Entered the Ecumenical Temple
  8874 | Temple   | Became a worshipper of Makhleb the Destroyer
  9174 | D:7      | Noticed Duvessa
  9187 | D:7      | Killed Duvessa
  9187 | D:7      | Noticed Dowan
  9188 | D:7      | Reached XP level 9. HP: 25/66 MP: 0/0
  9188 | D:7      | Learned a level 4 spell: Dispel Undead
  9191 | D:7      | Killed Dowan
  9474 | D:7      | Found a bloodstained altar of Trog.
  9474 | D:7      | Found a glowing silver altar of Zin.
 10751 | D:6      | Found a shimmering altar of Xom.
 11162 | D:6      | Reached * piety under Makhleb
 11489 | D:8      | Reached skill level 5 in Dodging
 11769 | D:8      | Reached XP level 10. HP: 59/72 MP: 0/0
 12827 | D:9      | Found a hazy altar of Hepliaklqana.
 13125 | D:9      | Noticed Maggie
 13137 | D:9      | Killed Maggie
 13271 | D:9      | Reached ** piety under Makhleb
 13374 | D:9      | Noticed Erolcha
 13386 | D:9      | Killed Erolcha
 13517 | D:10     | Entered Level 10 of the Dungeon
 13564 | D:10     | Reached XP level 11. HP: 61/76 MP: 0/0
 13564 | D:10     | Learned a level 4 spell: Hailstorm
 13621 | D:10     | Found Jilab's Jewellery Shop.
 13675 | D:10     | Reached skill level 10 in Spellcasting
 13880 | D:10     | Noticed Urug
 13892 | D:10     | Killed Urug
 14001 | D:10     | Found Bojeim's Book Boutique.
 14069 | D:10     | Noticed Psyche
 14073 | D:10     | Killed Psyche
 14193 | D:10     | Found a staircase to the Lair.
 14492 | Lair:1   | Entered Level 1 of the Lair of Beasts
 14945 | Lair:1   | Reached skill level 5 in Armour
 15294 | Lair:1   | Noticed a seven-headed hydra
 15395 | Lair:1   | Killed a seven-headed hydra
 15608 | Lair:2   | Noticed a five-headed hydra
 15627 | Lair:2   | Killed a five-headed hydra
 15628 | Lair:2   | Reached XP level 12. HP: 69/83 MP: 0/0
 15713 | Lair:2   | Reached skill level 5 in Evocations
 15751 | Lair:2   | Reached *** piety under Makhleb
 15858 | Lair:2   | Noticed a four-headed hydra
 15872 | Lair:2   | Killed a four-headed hydra
 16252 | Lair:3   | Found a staircase to the Swamp.
 16252 | Lair:3   | Noticed a swamp dragon
 16272 | Lair:3   | Killed a swamp dragon
 16447 | Lair:3   | Noticed a seven-headed hydra
 16455 | Lair:3   | Killed a seven-headed hydra
 16460 | Lair:3   | Noticed a six-headed hydra
 16466 | Lair:3   | Killed a six-headed hydra
 16490 | Lair:3   | Noticed a death yak
 16510 | Lair:3   | Noticed a death yak
 17039 | Lair:3   | Reached XP level 13. HP: 89/92 MP: 0/0
 17039 | Lair:3   | Learned a level 5 spell: Agony
 17195 | Lair:3   | Reached skill level 10 in Fighting
 17761 | Lair:4   | Reached **** piety under Makhleb
 17889 | Lair:4   | Found a runed translucent gate.
 17889 | Lair:4   | Found a runed translucent gate.
 17889 | Lair:4   | Found a runed translucent gate.
 18263 | Lair:4   | Noticed lupus83's ghost (journeyman TrFi)
 18263 | Lair:4   | Noticed an ice dragon
 18379 | Lair:4   | Found a staircase to the Snake Pit.
 18962 | Lair:5   | Reached XP level 14. HP: 105/105 MP: 0/0
 19268 | Lair:5   | Noticed Sonja
 19274 | Lair:5   | Killed Sonja
 19389 | Lair:5   | Reached ***** piety under Makhleb
 19564 | Lair:5   | Found a runed translucent gate.
 19564 | Lair:5   | Found a runed translucent gate.
 19564 | Lair:5   | Found a runed translucent gate.
 19565 | Lair:5   | Noticed Josephine
 19597 | Lair:5   | Noticed Mateji's ghost (journeyman TrHu)
 19624 | Lair:5   | Killed Josephine
 19874 | Lair:6   | Entered Level 6 of the Lair of Beasts
 20681 | Lair:6   | Found a staircase to the Slime Pits.
 20951 | Lair:6   | Reached XP level 15. HP: 113/117 MP: 0/0
 20951 | Lair:6   | Learned a level 6 spell: Statue Form
 21026 | Lair:6   | Gained mutation: Armour fits poorly on your strangely
                  | shaped body. [a shining eye]
 21030 | Lair:6   | Reached skill level 1 in Unarmed Combat
 21115 | Lair:6   | Reached ****** piety under Makhleb
 21288 | Lair:6   | Found a corrupted altar of Lugonu.
 21288 | Lair:6   | Found a one-way gate to the infinite horrors of the Abyss.
 21368 | Lair:6   | Reached skill level 5 in Unarmed Combat
 22135 | D:9      | Found a staircase to the Orcish Mines.
 22319 | Orc:1    | Entered Level 1 of the Orcish Mines
 22322 | Orc:1    | Noticed an orc warlord
 22329 | Orc:1    | Killed an orc warlord
 22333 | Orc:1    | Noticed an orc warlord
 22343 | Orc:1    | Killed an orc warlord
 22722 | Orc:1    | Noticed an orc warlord
 22731 | Orc:1    | Reached skill level 10 in Unarmed Combat
 22738 | Orc:1    | Killed an orc warlord
 23203 | Orc:2    | Entered Level 2 of the Orcish Mines
 23388 | Orc:2    | Found a staircase to the Elven Halls.
 23400 | Orc:2    | Found a frozen archway.
 23444 | Orc:2    | Noticed an orc warlord
 23453 | Orc:2    | Killed an orc warlord
 23502 | Orc:2    | Found Cerax's General Store.
 23518 | Orc:2    | Found Hietis's Antique Armour Shoppe.
 23521 | Orc:2    | Found Ifabyas's Book Shoppe.
 23583 | Orc:2    | Found Wiaxuuv's Antique Weapon Shoppe.
 23615 | Orc:2    | Bought a distressingly furry helmet for 237 gold pieces
 23615 | Orc:2    | Identified the +0 helmet of Duck's Teeth {Regen+ rCorr}
                  | (You bought it in a shop on level 2 of the Orcish Mines)
 23675 | Orc:2    | Bought a scroll of teleportation for 39 gold pieces
 23675 | Orc:2    | Bought a potion of curing for 39 gold pieces
 24041 | Orc:2    | Identified 2 scrolls of acquirement
 24042 | Orc:2    | Acquired a manual of Evocations
 24044 | Orc:2    | Acquired 1343 gold pieces
 24307 | D:11     | Found a hazy altar of Hepliaklqana.
 24831 | D:12     | Noticed Nergalle
 24837 | D:12     | Killed Nergalle
 24838 | D:12     | Reached XP level 16. HP: 123/123 MP: 0/0
 25375 | D:13     | Noticed Rupert
 25386 | D:13     | Killed Rupert
 25816 | D:13     | Noticed Kirke
 25833 | D:13     | Killed Kirke
 26043 | D:14     | Found a gate to the Vaults.
 26239 | D:14     | Identified the +8 great sword "Diwido" {freeze, +Rage SInv}
 26277 | D:14     | Reached skill level 10 in Armour
 26709 | D:15     | Entered Level 15 of the Dungeon
 27347 | D:15     | Found a staircase to the Depths.
 27347 | D:15     | Noticed a fire giant
 27362 | D:15     | Killed a fire giant
 27363 | D:15     | Reached XP level 17. HP: 129/129 MP: 0/0
 27363 | D:15     | Learned a level 7 spell: Monstrous Menagerie
 27599 | Swamp:1  | Entered Level 1 of the Swamp
 27694 | Swamp:1  | HP: 8/167 [acid (3)]
 27766 | Swamp:1  | Reached skill level 10 in Evocations
 28183 | Swamp:2  | Noticed Roxanne
 29294 | Swamp:3  | Noticed Nikola
 29311 | Swamp:3  | Killed Nikola
 29444 | Swamp:3  | Paralysed by a fenstrider witch for 7 turns
 29455 | Swamp:3  | Paralysed by a fenstrider witch for 2 turns
 29857 | Swamp:3  | Paralysed by a fenstrider witch for 3 turns
 30001 | Swamp:4  | Entered Level 4 of the Swamp
 30209 | Snake:1  | Entered Level 1 of the Snake Pit
 30253 | Snake:1  | Reached XP level 18. HP: 135/135 MP: 0/0
 31218 | Snake:2  | Found Cudugy Hidd's Weapon Shoppe.
 31268 | Snake:2  | Found Nam Ygez's Book Emporium.
 31346 | Snake:2  | Found a shimmering altar of Xom.
 31981 | Snake:2  | Reached skill level 15 in Spellcasting
 32529 | Snake:3  | Reached skill level 15 in Evocations
 32561 | Snake:3  | Reached XP level 19. HP: 117/140 MP: 0/0
 32561 | Snake:3  | Learned a level 6 spell: Invisibility
 32924 | Snake:3  | Found a shimmering altar of Xom.
 32969 | Snake:3  | Reached skill level 1 in Shields
 33003 | Snake:3  | Identified the +1 robe "Zirocs" {rPois Str+8}
 33227 | Snake:3  | Found Idoc's Armour Boutique.
 33425 | Snake:3  | Reached skill level 5 in Shields
 33609 | Snake:3  | Lost mutation: Armour fits poorly on your strangely shaped
                  | body. [potion of mutation]
 33609 | Snake:3  | Gained mutation: You possess an exceptional clarity of
                  | mind. [potion of mutation]
 33609 | Snake:3  | Gained mutation: Your skin changes colour to match your
                  | surroundings (Stealth+). [potion of mutation]
 34215 | Swamp:4  | Got a decaying rune of Zot
 34271 | Swamp:4  | Acquired 1020 gold pieces
 34286 | Swamp:4  | Noticed a tentacled monstrosity
 34306 | Swamp:4  | Killed a tentacled monstrosity
 34365 | Swamp:4  | Killed from afar by an eleionoma

Illustrated notes

Levels and vault maps discovered:
D:1:      roderic_chinese_lattice_arrival, layout_basic,
          hellmonk_ecumenical_altar_heavens_door
D:2:      layout_rooms, uniq_robin
D:3:      layout_rooms, lemuel_round_altar
D:4:      layout_rooms, evilmike_ruin_ashenzari, amcnicky_altar_gilded,
          serial_forest, infiniplex_forest_straight_3,
          infiniplex_forest_straight_5, infiniplex_forest_end_3,
          infiniplex_forest_zigzag_1, infiniplex_forest_lined_4_way,
          infiniplex_forest_straight_4, infiniplex_forest_end_1,
          nrook_mini_vaults
D:5:      layout_rooms, grunt_dithmenos_smoke_and_mirrors,
          nicolae_overflow_crystal_walls, mainiacjoe_overflow_six_doors_small,
          hellmonk_ghost_happy_afterlife
D:6:      layout_basic, led_xom_imps, roderic_batcave
D:7:      layout_loops_ring, amethyst_overflow_temple_binary,
          minmay_temple_entry_waves, worms_lemuel, uniq_duvessa
D:8:      layout_rooms
D:9:      layout_long_grid, mainiacjoe_overflow_small_starburst, david_orc_4,
          uniq_maggie, uniq_erolcha
D:10:     layout_irregular_city, grunt_lair_entry_orc_guard_hut, serial_shops,
          shop, shop, uniq_psyche, uniq_urug
D:11:     layout_basic, nzn_hepliaklqana_mist_gate
D:12:     layout_roguey, uniq_nergalle
D:13:     layout_loops_ring, blue_anna_alchemist, uniq_rupert, uniq_kirke
D:14:     layout_cross, david_vaults_2, chequers_serial_rivers_room_b
D:15:     grunt_enter_depths_giant_problem, layout_loops_ring,
          hangedman_decor_diamond_cutter
Temple:   hc_temple_tempest_star
Lair:1:   cheibrodos_lair_river_kwai, layout_regular_city
Lair:2:   layout_cave_shapes, grunt_megastairs_3
Lair:3:   layout_loops_ring, minmay_swamp_entry_reptiles, grunt_megastairs_1
Lair:4:   layout_gridlike, minmay_snake_entry_six_corridors,
          gammafunk_ghost_icy, beast_lair_carwin_6
Lair:5:   layout_gridlike, gammafunk_ghost_hydra_chop, st_stairs_12,
          serial_bayou_shore_a, minmay_lair_oklob_chamber, uniq_josephine,
          uniq_sonja
Lair:6:   hellmonk_lair_end_abyssal_woods, layout_cave_shapes, slime_dummy,
          serial_bayou_shore_b
Swamp:1:  layout_basic_swamp, hangedman_swamp_ruin_wall, roderic_carrion_pond
Swamp:2:  layout_basic_swamp, nicolae_swamp_round_clearing, swamp_pool3,
          nicolae_swamp_very_dense_foliage, infiniplex_staircase_pool_2,
          uniq_roxanne
Swamp:3:  layout_falls_marsh, evilmike_swamp_ruin_house_2, st_swamp_ruins_2,
          uniq_nikola
Swamp:4:  swamp_alternative, layout_basic_swamp, swamp_pool3
Snake:1:  layout_gridlike, nicolae_snake_salamander_fort, lemuel_fruit_tree
Snake:2:  layout_layer_cave, basic_altar, hangedman_snake_sidewinding,
          minmay_shoptagon
Snake:3:  layout_gridlike, basic_altar, serial_shops, nicolae_square_shop
Orc:1:    layout_caves, nicolae_orc_stony_grotto, nicolae_orc_damp_corner
Orc:2:    grunt_orc_cross, layout_diamond_mine, portal_ice_cave_entry_pillars_2,
          nicolae_orc_crystal_geode

Skill      XL: |  1  2  3  4  5  6  7  8  9 10 11 12 13 14 15 16 17 18 19 |
---------------+----------------------------------------------------------+-----
Spellcasting   | 3 4 5 6 7 9 10 11 12 14 15 | 15.7
Fighting       | 3 5 6 8 11 14 | 14.3
Armour         | 2 4 5 6 12 | 12.0
Dodging        | 5 7 9 |  9.0
Evocations     | 4 8 9 12 15 | 15.4
Unarmed Combat | 12 | 12.8
Shields        | 9 |  9.2
Stealth        | |  1.5

Action                   |  1- 3 |  4- 6 |  7- 9 | 10-12 | 13-15 | 16-18 | 19-21 || total
-------------------------+-------+-------+-------+-------+-------+-------+-------++-------
Melee: Unarmed           |     5 |       |       |       |   251 |   900 |   217 ||  1373
       Staff             |       |   136 |    97 |    72 |    69 |       |       ||   374
       Short sword       |       |       |   142 |    16 |       |       |       ||   158
       Punch             |       |       |       |       |     6 |    61 |    12 ||    79
Throw: Throwing net      |       |       |     3 |       |       |       |       ||     3
 Cast: Sting             |    68 |   116 |    75 |   104 |   265 |       |       ||   628
       Poisonous Vapours |     1 |     1 |     6 |    24 |    26 |       |       ||    58
       Olgreb's Toxic Ra |       |     6 |    23 |    57 |   111 |    18 |       ||   215
       Pain              |       |       |     3 |     6 |     1 |       |       ||    10
       Wereblood         |       |       |     1 |       |       |       |       ||     1
       Dispel Undead     |       |       |    11 |     5 |    19 |       |       ||    35
       Hailstorm         |       |       |       |    61 |    79 |    62 |    50 ||   252
       Agony             |       |       |       |       |    15 |       |       ||    15
       Statue Form       |       |       |       |       |    25 |    73 |    20 ||   118
       Monstrous Menager |       |       |       |       |       |    13 |     1 ||    14
Evoke: Wand              |       |       |     9 |    20 |    19 |     6 |     3 ||    57
       Condenser vane    |       |       |       |       |     1 |     3 |     1 ||     5
  Use: Scroll            |     1 |       |     4 |    15 |     7 |    19 |     3 ||    49
       Potion            |     1 |       |     6 |     3 |     2 |       |     1 ||    13
 Stab: Paralysed         |       |       |     9 |       |       |       |       ||     9
       Sleeping          |       |       |       |       |       |     3 |       ||     3
       Distracted        |       |       |       |       |       |     1 |       ||     1
Armor: Robe              |     2 |     9 |    42 |     5 |       |       |       ||    58
       Skin              |       |       |    56 |       |   152 |   712 |   293 ||  1213
       Troll leather arm |       |       |       |    64 |   134 |    17 |    11 ||   226
Dodge: Dodged            |    27 |    27 |   223 |   253 |   918 |  1544 |   599 ||  3591

Table legend: (Time is in decaauts)
 A = Elapsed time spent in this place.
 B = Non-inter-level travel time spent in this place.
 C = Inter-level travel time spent in this place.
 D = Time resting spent in this place.
 E = Time spent auto-exploring this place.
 F = Levels seen in this place.
 G = Mean time per level.
                   A        B        C        D        E       F      G
               +--------+--------+--------+--------+--------+-----+--------+
         Total |  37321 |  34874 |   2447 |   4553 |  22713 |  31 | 1203.9 |
       Dungeon |  19388 |  18116 |   1272 |   2982 |  12161 |  15 | 1292.5 |
        Temple |    262 |    218 |     44 |      0 |    215 |   1 |  262.0 |
          Lair |   7740 |   7246 |    494 |    897 |   4559 |   6 | 1290.0 |
         Swamp |   3653 |   3321 |    332 |    280 |   1989 |   4 |  913.2 |
     Snake Pit |   4361 |   4123 |    238 |    393 |   2375 |   3 | 1453.7 |
  Orcish Mines |   1914 |   1849 |     65 |      0 |   1412 |   2 |  957.0 |
               +--------+--------+--------+--------+--------+-----+--------+

Top non-repeatable levels by time:
     D:6: 2457 daAuts
     D:1: 2251 daAuts
 Snake:2: 1969 daAuts
  Lair:6: 1878 daAuts
     D:5: 1711 daAuts
  Lair:3: 1702 daAuts
     D:9: 1613 daAuts
     D:4: 1600 daAuts
     D:7: 1590 daAuts
  Lair:4: 1350 daAuts
 Snake:3: 1224 daAuts
     D:8: 1196 daAuts
 Snake:1: 1167 daAuts
  Lair:1: 1167 daAuts
    D:10: 1079 daAuts
